 Dungeon Crawl Stone Soup version 0.17-a0-1753-g75d4604 (console) character file.

176 utis the Cudgeler (level 5, 41/41 HPs)
             Began as a Human Fighter on Sept 1, 2015.
             Quit the game on level 2 of the Dungeon on Sept 2, 2015.
             The game lasted 00:09:40 (3397 turns).

utis the Cudgeler (Human Fighter)                   Turns: 3397, Time: 00:09:41

Health: 41/41      AC:  6    Str: 16    XL:     5   Next: 86%
Magic:  5/5        EV:  6    Int:  9    God:
Gold:   123        SH:  9    Dex: 13    Spells: 0 memorised, 4 levels left

rFire  . . .     SeeInvis .     a - +0 flail
rCold  . . .     Clarity  .     b - +0 scale mail
rNeg   . . .     SustAt   .     c - +0 shield
rPois  .         Gourm    .     (no helmet)
rElec  .         Spirit   .     (no cloak)
rCorr  .         Warding  .     (no gloves)
rMut   .         Stasis   .     (no boots)
MR     .....                    (no amulet)
Stlth  ..........               (no ring)
                                (no ring)

@: not resistant to hostile enchantments, extremely unstealthy
A: no striking features
a: no special abilities


You were on level 2 of the Dungeon.
You were not hungry.

You visited 1 branch of the dungeon, and saw 3 of its levels.

You collected 123 gold pieces.

Inventory:

Hand weapons
 a - a +0 flail (weapon)
Missiles
 d - 73 stones (quivered)
 q - 3 tomahawks
 s - 7 steel tomahawks
Armour
 b - a +0 scale mail (worn)
 c - a +0 shield (worn)
 g - a +0 pair of boots
Jewellery
 n - a cursed amulet of inaccuracy {unknown}
 t - an uncursed ring of see invisible {unknown}
Scrolls
 m - a scroll of remove curse {unknown}
 p - a scroll of random uselessness {unknown}
 r - a scroll of blinking {unknown}
Potions
 f - a potion of poison {unknown}
 h - 2 potions of invisibility
 i - a potion of lignification {unknown}
 k - 2 potions of curing
 l - a potion of degeneration {unknown}
 o - a potion of brilliance {unknown}
Comestibles
 e - 2 bread rations
 j - 3 chunks of flesh


   Skills:
 + Level 3.0 Fighting
 + Level 5.6 Maces & Flails
 - Level 3.0 Armour
 - Level 3.0 Shields


You had 4 spell levels left.
You didn't know any spells.

Dungeon Overview and Level Annotations

Branches:
Dungeon (3/15)

Altars:
Okawaru


Message History

* * * LOW HITPOINT WARNING * * *
You are too injured to fight recklessly!
You are too injured to fight recklessly!
You are too injured to fight recklessly!
You are too injured to fight recklessly!
You miss the giant newt. You block the giant newt's attack.
You sock the giant newt!
You kill the giant newt!
There is a stone staircase leading up here.
You start resting.
HP restored.
Saving game... please wait.
Invalid glyph override: 0 Welcome back, utis the Human Fighter.
Press ? for a list of commands and other information.
Unknown command.
Unknown command.
You don't know any spells.
Unknown command.
Are you sure you want to abandon this character and quit the game? (Confirm with "yes".)

.....l..▓.▓........♣.♣.♣.♣..▓
....................♣.♣.♣.[.▓
▓...▓.▓.▓.▓▓.........♣.♣....▓
..................▓...♣...▓.▓
▓▓.............▓▓...........▓
▓▓.▓....▓▓▓▓▓.▓▓▓▓▓▓▓......▓
▓)▓.......▓▓.▓▓▓▓▓▓▓▓▓▓.▓▓▓
▓.▓▓▓▓.▓.▓.▓.▓..........▓
▓.▓▓▓▓..▓▓▓...p▓▓▓▓▓▓▓▓▓▓
▓▓▓.l......▓...▓▓▓
.▓▓▓▓▓▓▓▓▓▓.▓▓▓▓ ▓.▓▓▓▓▓ ▓▓▓
▓▓....▓ ▓.▓▓▓.▓ .▓▓ ▓.▓ ▓▓▓
▓.▓ ..▓ ▓.▓


There were no monsters in sight!

Vanquished Creatures
  An orc priest (D:3)
  An orc wizard (D:3)
  A gnoll (D:1)
  4 adders (D:2)
  2 oozes (D:1)
  2 worms (D:2)
  8 orcs
  8 bats
  A giant cockroach (D:1)
  6 hobgoblins
  7 kobolds
  A quokka (D:3)
  A ball python (D:2)
  A giant gecko (D:1)
  A giant newt (D:2)
  8 goblins
  8 rats
61 creatures vanquished.

Notes
Turn   | Place    | Note
--------------------------------------------------------------
     0 | D:1      | utis the Human Fighter began the quest for the Orb.
     0 | D:1      | Reached XP level 1. HP: 18/18 MP: 1/1
    92 | D:1      | Reached XP level 2. HP: 24/24 MP: 2/2
   194 | D:1      | Reached XP level 3. HP: 15/29 MP: 3/3
  1469 | D:2      | Reached skill level 4 in Maces & Flails
  1469 | D:2      | Reached XP level 4. HP: 32/35 MP: 4/4
  2286 | D:2      | Found an iron altar of Okawaru.
  2419 | D:2      | Reached XP level 5. HP: 39/41 MP: 5/5
  3058 | D:3      | Reached skill level 5 in Maces & Flails
  3397 | D:2      | Upgraded the game from 0.17-a0-1748-g222fba8 to 0.17-a0-1753-g75d4604
  3397 | D:2      | Quit the game

Vault maps used:
D:1:      dpeg_arrival_signposts, hangedman_decor_points
D:2:      serial_aquarium, aquarium_bridge_straight, aquarium_window_1,
          aquarium_window_1, aquarium_window_corner, aquarium_view_2a,
          okawaru_trees_2
D:3:      minmay_misc_feat_plants, uniq_grinder, uniq_natasha

Action                   |  1- 3 |  4- 6 || total
-------------------------+-------+-------++-------
Melee: Flail             |    94 |   133 ||   227
Throw: Stone             |    32 |    64 ||    96
  Use: Potion            |     1 |       ||     1
       Scroll            |     3 |       ||     3
  Eat: Chunk             |     2 |     6 ||     8
